Map: [ESL] Data-C

Players

gumiho

  • Race: Terran Terran
  • Spawn Location: 3:00

Serral - Winner!

  • Race: Zerg Zerg
  • Spawn Location: 9:00

Event: TSL 9

VOD

Have the link to the VOD?

Description

Time

  • Played on: Aug. 7, 2022, 6:25 a.m.
  • Length: 10:56

All games in this series

Show
View Real Time Build Order
Export as new Build Order

gumiho Terran 

Build Orders: Command Center First (CC), Hellion Banshee 

Get SALT Encoding   

  12  0:00  SCV  
  13  0:12  SCV  
  14  0:17  Supply Depot  
  14  0:25  SCV  
  15  0:38  SCV  
  16  0:50  SCV  
  17  0:59  Command Center  
  17  1:03  SCV  
  18  1:12  Barracks  
  18  1:16  SCV  
  19  1:21  Refinery  
  19  1:28  SCV  
  19  1:29  Refinery  
  20  1:40  SCV  
  21  1:52  SCV  
  22  1:59  Marine  
  23  2:04  Orbital Command  
  23  2:09  Factory  
  23  2:13  Orbital Command  
  23  2:18  Barracks Reactor  
  24  2:30  SCV  
  24  2:39  SCV  
  24  2:42  SCV  
  26  2:51  SCV  
  27  2:53  Supply Depot  
  27  2:54  SCV  
  27  2:55  Starport  
  28  3:01  Hellion x2  
  28  3:03  SCV  
  33  3:06  SCV  
  33  3:07  Supply Depot  
  33  3:09  Barracks Tech Lab  
  34  3:15  SCV  
  34  3:18  SCV  
  36  3:22  Hellion x2  
  40  3:27  SCV  
  40  3:30  SCV  
  42  3:38  Banshee, Cloaking Field  
  42  3:39  Supply Depot, Barracks Reactor  
  45  3:42  Marine  
  45  3:44  SCV x2  
  48  3:56  SCV x2  
  50  4:05  Marine  
  50  4:06  Command Center  
  51  4:10  SCV  
  51  4:11  SCV  
  51  4:14  Supply Depot  
  51  4:15  Refinery  
  53  4:17  Refinery  
  53  4:21  Banshee  
  53  4:23  SCV x2  
  58  4:25  Fusion Core  
  58  4:30  Supply Depot  
  58  4:31  Hellion x2  
  58  4:36  SCV x2  
  64  4:39  Supply Depot  
  64  4:48  SCV x2  
  66  4:53  Hellion x2  
  70  5:00  SCV x2  
  70  5:04  Supply Depot  
  72  5:12  Battlecruiser  
  78  5:15  SCV x2  
  78  5:16  Hellion x2  
  78  5:17  Orbital Command  
  84  5:29  SCV x2, Factory  
  84  5:30  Factory  
  86  5:38  Hellion x2  
  86  5:41  Supply Depot  
  90  5:43  Orbital Command  
  90  5:49  SCV x2  
  92  5:58  Weapon Refit  
  92  5:59  Hellion x2  
  92  6:00  Supply Depot x2  
  92  6:02  SCV x2  
  98  6:15  SCV x3  
  98  6:16  Factory Tech Lab x2  
  98  6:17  Battlecruiser  
  107  6:27  SCV x2  
  105  6:36  SCV  
  105  6:37  Cyclone  
  105  6:38  Armory  
  105  6:39  Cyclone, SCV x2, Armory  
  114  6:47  Engineering Bay  
  114  6:48  SCV, Refinery  
  114  6:51  SCV  
  114  6:53  SCV  
  117  7:00  SCV  
  118  7:02  Refinery  
  118  7:03  Supply Depot x2  
  118  7:05  SCV x2  
  120  7:09  Hellion x2  
  120  7:13  SCV  
  131  7:17  SCV x2  
  131  7:21  Cyclone x2, Missile Turret x2  
  133  7:25  Battlecruiser  
  133  7:28  Missile Turret  
  133  7:32  Terran Vehicle Weapons Level 1  
  133  7:37  Command Center  
  133  7:40  Terran Vehicle And Ship Armor Level 1  
  133  7:44  Missile Turret  
  133  7:53  SCV x2  
  133  7:54  Factory x2  
  135  8:05  Hellion x2  
  132  8:08  Thor  
  132  8:12  Thor  
  143  8:17  Supply Depot x2  
  143  8:18  SCV x3  
  146  8:20  Supply Depot  
  146  8:38  Battlecruiser  
  149  8:45  Supply Depot  
  149  8:46  Supply Depot  
  149  8:49  Factory Tech Lab  
  149  8:50  Factory Reactor  
  149  8:51  Hellion x2, Infernal Pre-Igniter  
  153  8:57  Command Center  
  153  9:00  Command Center  
  153  9:08  Missile Turret  
  153  9:15  Thor x2  
  165  9:20  Siege Tank  
  166  9:24  Refinery x2  
  151  9:39  Hellion  
  130  9:51  Hellion  
  130  9:52  Hellion x2, Siege Tank  
  119  9:58  Siege Tank  
  119  9:59  Siege Tank  
  123  10:00  Hellion  
  123  10:01  Banshee  
  122  10:13  Hellion x3  
  107  10:33  Hellion  
  107  10:34  Hellion  
  107  10:35  Hellion  
Show
View Real Time Build Order
Export as new Build Order

Serral Zerg - Winner!

Build Orders: Hatch First 

Get SALT Encoding   

  12  0:00  Drone  
  13  0:12  Overlord  
  13  0:17  Drone  
  14  0:30  Drone  
  14  0:31  Drone  
  16  0:48  Hatchery  
  15  0:51  Drone  
  15  0:54  Drone  
  17  0:57  Drone  
  18  1:09  Extractor  
  17  1:13  Spawning Pool  
  17  1:16  Drone  
  17  1:19  Drone  
  18  1:28  Drone  
  19  1:38  Drone  
  20  1:49  Drone  
  21  2:00  Queen x2  
  21  2:01  Zergling x4  
  27  2:12  Overlord  
  27  2:13  Drone  
  28  2:23  Hatchery  
  28  2:26  Drone  
  28  2:31  Drone  
  28  2:32  Drone  
  28  2:34  Drone  
  31  2:38  Metabolic Boost  
  31  2:44  Queen  
  31  2:49  Overlord  
  31  2:51  Drone  
  34  2:54  Drone  
  34  2:55  Drone  
  36  3:05  Overlord  
  36  3:09  Drone x4  
  40  3:13  Queen  
  40  3:15  Drone  
  40  3:19  Drone  
  44  3:23  Queen  
  44  3:26  Drone  
  47  3:32  Drone  
  48  3:34  Queen  
  48  3:36  Overlord  
  50  3:41  Zergling x4  
  50  3:42  Zergling x2  
  50  3:43  Drone  
  50  3:44  Drone  
  50  3:46  Drone  
  56  3:50  Queen  
  56  3:54  Overlord  
  58  3:57  Overlord  
  58  4:01  Queen  
  60  4:03  Drone  
  60  4:05  Drone  
  60  4:06  Drone  
  60  4:09  Overlord  
  62  4:11  Zergling x2  
  62  4:12  Drone  
  62  4:14  Drone  
  65  4:17  Overlord  
  65  4:18  Drone  
  66  4:25  Zergling x2  
  66  4:26  Drone  
  66  4:29  Drone  
  66  4:30  Lair  
  69  4:32  Spore Crawler, Queen  
  69  4:34  Spore Crawler  
  69  4:38  Spore Crawler  
  68  4:40  Zergling x2  
  68  4:41  Baneling Nest, Drone  
  69  4:47  Drone x4  
  69  4:49  Drone  
  69  4:50  Drone  
  69  4:51  Drone  
  76  4:53  Drone  
  76  4:55  Drone  
  78  5:00  Drone, Extractor  
  78  5:01  Drone x2  
  78  5:02  Zergling x2  
  78  5:05  Drone x2  
  83  5:08  Extractor  
  83  5:09  Overlord  
  83  5:10  Extractor  
  83  5:11  Zergling x2  
  83  5:12  Drone x2  
  83  5:13  Drone x2  
  86  5:16  Drone x3  
  86  5:19  Extractor x2  
  86  5:21  Overlord  
  87  5:23  Drone  
  87  5:27  Drone  
  89  5:32  Drone x3  
  89  5:34  Spire  
  91  5:36  Overseer  
  91  5:40  Drone x2  
  94  5:42  Zergling x2  
  94  5:47  Overlord  
  94  5:49  Zergling x4, Hatchery  
  95  5:50  Zergling x4  
  95  5:53  Drone x2  
  95  5:54  Drone  
  95  5:56  Overlord  
  99  5:59  Overseer  
  99  6:00  Overlord  
  99  6:03  Centrifugal Hooks  
  99  6:05  Zergling x4  
  99  6:08  Zergling x2  
  99  6:10  Zergling x2  
  103  6:13  Zergling x2  
  103  6:21  Zergling x16  
  106  6:33  Drone x6  
  106  6:37  Overlord  
  112  6:41  Drone  
  112  6:45  Overlord  
  112  6:47  Zerg Flyer Weapons Level 1, Mutalisk  
  113  6:50  Mutalisk x3  
  121  6:54  Overlord  
  121  6:55  Mutalisk x2, Overlord  
  121  6:56  Mutalisk  
  126  7:04  Evolution Chamber x2  
  126  7:05  Roach Warren  
  126  7:08  Mutalisk x3  
  123  7:14  Drone  
  123  7:15  Drone x3  
  132  7:17  Drone  
  132  7:22  Drone x3  
  135  7:24  Overlord  
  135  7:27  Overlord  
  135  7:28  Drone, Extractor x2  
  134  7:31  Zerg Missile Weapons Level 1  
  134  7:33  Drone x3  
  137  7:37  Spore Crawler  
  137  7:38  Drone  
  137  7:41  Drone  
  137  7:42  Drone x3  
  141  7:44  Baneling x2  
  141  7:45  Zerg Melee Weapons Level 1  
  141  7:50  Glial Reconstitution  
  141  7:51  Drone x2  
  141  7:52  Drone  
  141  7:53  Drone  
  141  7:56  Overlord  
  139  8:07  Overlord  
  139  8:08  Roach x6  
  151  8:14  Roach x4  
  159  8:23  Roach x6  
  159  8:25  Hatchery  
  168  8:39  Corruptor x3  
  168  8:40  Corruptor x3  
  180  8:46  Overlord  
  180  8:51  Overlord  
  180  8:52  Corruptor x4  
  188  9:04  Ravager x3  
  188  9:05  Ravager x4  
  188  9:07  Baneling x2  
  194  9:12  Ravager  
  194  9:15  Drone x3  
  198  9:18  Spine Crawler  
  198  9:19  Spine Crawler  
  198  9:20  Baneling x2, Drone x2  
  198  9:21  Baneling x5  
  198  9:22  Extractor  
  197  9:24  Spine Crawler  
  197  9:25  Spore Crawler  
  197  9:27  Extractor  
  197  9:28  Roach  
  197  9:29  Roach x7  
  183  9:39  Roach x3  
  183  9:40  Roach x6  
  181  9:46  Roach x5  
  169  9:54  Roach x6  
  181  10:06  Ravager x2  
  183  10:07  Drone x3  
  183  10:08  Drone x3  
  183  10:12  Pneumatized Carapace  
  189  10:14  Zergling x2  
  189  10:15  Zergling x18  
  190  10:23  Roach x6  
  184  10:28  Roach x4  
  184  10:34  Infestation Pit  
Tags
 
Add a new tag
Caveats
  • Supply blocks, unpowered buildings, or Contaminate may cause inaccurate times.
  • Supply counts are checked every 10 seconds.